 Dungeon Crawl Stone Soup version 0.27.0-1-g7a08968 (webtiles) character file.

Game seed: 17343820316155432826

110464 FockTheFreack the Grappler (level 16, -11/180 HPs)
             Began as a Troll Fighter on Aug 13, 2021.
             Was an Initiate of Gozag.
             Killed from afar by a starcursed mass (17 damage)
             ... with an accursed screaming
             ... on level 3 of the Abyss.
             The game lasted 01:07:19 (17950 turns).

FockTheFreack the Grappler (Troll Fighter)         Turns: 17950, Time: 01:07:19

Health: -11/180    AC: 32    Str: 35    XL:     16   Next: 7%
Magic:  10/10      EV:  1    Int:  6    God:    Gozag
Gold:   4030       SH: 21    Dex:  9    Spells: 15/15 levels left

rFire    + . .     SeeInvis +   a - +11 morningstar "Woycw" {vorpal, Int+2 SInv}
rCold    + . .     Faith    .   z - +4 kite shield
rNeg     + + +     Spirit   .   (armour currently unavailable)
rPois    +         Reflect  +   (helmet currently unavailable)
rElec    +         Harm     .   (cloak currently unavailable)
rCorr    +         Rampage  .   (gloves unavailable)
Will     +....     NoTele   +   (boots unavailable)
Stlth    ++........             e - amulet of Tuippaf {Reflect rPois SH+5}
HPRegen  1.40/turn              W - +6 ring of strength
MPRegen  0.12/turn              N - +4 ring of protection

@: tree-form (expiring), resistant, unable to read, gold aura
A: stationary, stasis, torment immunity, boosted hp, large, unfitting armour,
(claws 3), regeneration 1, (shaggy fur 1), (tough skin 1), screaming 1, subdued
magic 1, inability to read while threatened, [deterioration 2], [frail 2], [low
mp 3], [weak 2]
a: Renounce Religion, Potion Petition, Call Merchant, Bribe Branch


You were on level 3 of the Abyss.
You worshipped Gozag.
Gozag was most pleased with you.
You were a tree.
You visited 3 branches of the dungeon, and saw 18 of its levels.
You visited the Abyss 1 time.
You also visited: Sewer.

You collected 5009 gold pieces.
You spent 806 gold pieces at shops.
You paid 173 gold pieces to Gozag.

Inventory:

Hand Weapons
 a - the +11 morningstar "Woycw" (weapon) {vorpal, Int+2 SInv}
   (You bought it in a shop on level 2 of the Dungeon)

   It inflicts extra damage upon your enemies.
   Int:       It affects your intelligence (+2).
   SInv:      It lets you see invisible.
 b - a +4 hand crossbow of freezing
 c - the +10 falchion "Bunuh" {venom, Will+ rCorr Int-2}
   (You found it in a sewer)

   It poisons the flesh of those it strikes.
   Int:       It affects your intelligence (-2).
   rCorr:     It protects you from acid and corrosion.
   Will:      It increases your willpower.
Missiles
 g - 43 poisoned darts
 r - a curare-tipped dart
 s - 67 boomerangs
 J - 160 bolts
 M - 8 datura-tipped darts
Armour
 z - a +4 kite shield (worn)
 C - +0 fire dragon scales (melded)
 O - a +2 cloak (melded)
 Q - the +3 crown of Dyrovepreva (melded) {rElec Int+2 SInv}
   (You found it on level 6 of the Dungeon)

   Int:       It affects your intelligence (+2).
   rElec:     It insulates you from electricity.
   SInv:      It lets you see invisible.
Jewellery
 e - the amulet of Tuippaf (around neck) {Reflect rPois SH+5}
   (You took it off a yaktaur on level 13 of the Dungeon)

   [amulet of reflection]

   It reflects blocked missile attacks.
   rPois:     It protects you from poison.
   SH:        It affects your SH (+5).
 p - an amulet of regeneration
 E - a ring of positive energy
 N - a +4 ring of protection (right branch)
 P - a +6 ring of dexterity
 U - a ring of fire
 W - a +6 ring of strength (left branch)
 Z - the ring of Day {rPois Will- Int+3 Dex+6 SInv}
   (You took it off a deep elf pyromancer on level 13 of the Dungeon)

   [ring of dexterity]

   Int:       It affects your intelligence (+3).
   Dex:       It affects your dexterity (+6).
   rPois:     It protects you from poison.
   SInv:      It lets you see invisible.
   Will:      It decreases your willpower.
Wands
 u - a wand of acid (33)
 v - a wand of digging (11)
 w - a wand of flame (58) (quivered)
 y - a wand of polymorph (7)
 R - a wand of charming (9)
 S - a wand of iceblast (15)
 X - a wand of mindburst (26)
 Y - a wand of paralysis (10)
Scrolls
 f - 4 scrolls of immolation
 m - a scroll of holy word
 n - 7 scrolls of teleportation
 o - a scroll of fear
 q - 2 scrolls of fog
 G - a scroll of blinking
 I - 4 scrolls of magic mapping
 T - a scroll of vulnerability
Potions
 d - 4 potions of might
 i - 6 potions of curing
 j - 2 potions of haste
 k - a potion of lignification
 l - 2 potions of magic
 t - 6 potions of mutation
 x - 2 potions of flight
 A - 4 potions of brilliance
 D - 3 potions of invisibility
 F - 2 potions of cancellation
 K - a potion of berserk rage
 V - 4 potions of attraction


   Skills:
 + Level 7.7 Fighting
 + Level 6.8 Long Blades
 * Level 12.5 Maces & Flails
 + Level 1.1 Crossbows
 + Level 5.3 Armour
 - Level 7.4 Dodging
 + Level 2.6 Stealth
 - Level 9.7 Shields
 - Level 13.7 Unarmed Combat
 + Level 1.8 Evocations


You had 15 spell levels left.
You didn't know any spells.
Your spell library contained the following spells:

 Spells                   Type           Power      Damage    Failure   Level
 Animate Skeleton         Necr           0%         N/A       41%         1
 Beastly Appendage        Tmut           0%         N/A       41%         1
 Pain                     Necr           0%         1d4       41%         1
 Slow                     Hex            0%         N/A       54%         2
 Wereblood                Tmut           0%         N/A       54%         2
 Confusing Touch          Hex            0%         N/A       80%         3
 Spider Form              Tmut/Pois      0%         N/A       80%         3
 Stone Arrow              Conj/Erth      0%         3d7       80%         3
 Vampiric Draining        Necr           0%         2d6       80%         3
 Animate Armour           Summ/Erth      0%         N/A       99%         4
 Summon Ice Beast         Ice/Summ       0%         N/A       99%         4
 Summon Lightning Spire   Summ/Air       0%         N/A       99%         4
 Summon Mana Viper        Hex/Summ       0%         N/A       100%        5
 Yara's Violent Unravell  Hex/Tmut       0%         3d3       100%        5
 Malign Gateway           Summ/Tloc      0%         N/A       100%        7
 Monstrous Menagerie      Summ           0%         N/A       100%        7
 Storm Form               Tmut/Air       0%         N/A       100%        7
 Lehudib's Crystal Spear  Conj/Erth      0%         10d2      100%        8
 Maxwell's Capacitive Co  Air            0%         ∞         100%        8
 Summon Horrible Things   Summ           0%         N/A       100%        8


Dungeon Overview and Level Annotations

Branches:
Dungeon (15/15)            Temple (1/1) D:4             Orc (2/2) D:9
    Elf (0/3) Orc:2        Vaults (0/5) D:13         Depths (0/5) D:15
  Sewer (visited)
   Lair: D:8-11

Altars:
Ashenzari
Cheibriados
Fedhas
Gozag
Hepliaklqana
Kikubaaqudgha
Makhleb
Nemelex Xobeh
Okawaru
Ru
Sif Muna
Trog
Uskayaw
Wu Jian
Xom
Zin
The Shining One

Shops:
D:2 (((   Orc:1 !   Orc:2 (=*!

Portals:
Pandemonium: Orc:2
Trove: D:11 (give +5 demon blade)

Annotations:
D:12 2 transporters, BoldKobold's ghost, journeyman GrFi
D:14 3 runed translucent doors, FockTheFreack's ghost, journeyman TrFi
D:15 Louise


Innate Abilities, Weirdness & Mutations

You are a tree.
Your roots penetrate the ground, keeping you stationary.
You cannot be teleported.
You are immune to unholy pain and torment.
Your maximum health is greatly increased.
Your equipment is partially melded.
You are too large for most types of armour.
((You have claws for hands.))
Your natural rate of healing is unusually fast.
((You are covered in fur. (AC +1)))
((You have tough skin. (AC +1)))
You occasionally shout uncontrollably at your foes.
Your spells are a little easier to cast, but a little less powerful.
You sometimes lose the ability to read scrolls when taking damage.
[Your body often deteriorates upon taking damage.]
[You are very frail. (-20% HP)]
[Your magical capacity is extremely low. (-30% MP)]
[You are very weak. (Str -4)]


Message History

The spatial maelstrom is moderately damaged.
You block the spatial maelstrom's attack.
The spatial maelstrom hits you.
* * * LOW HITPOINT WARNING * * *
A spatial vortex comes into view. x2
The spatial vortex moves out of view.
You bludgeon the spatial vortex!!
The spatial vortex is heavily damaged.
The starcursed mass is no longer distracted by gold.
You sock the spatial vortex!
The spatial vortex is severely damaged.
The spatial maelstrom hits you but does no damage.
You block the spatial maelstrom's attack.
A starcursed mass splits.
A deafening chorus of shrieks assaults your mind!
* * * LOW HITPOINT WARNING * * *
You suddenly lose the ability to move!
A spatial vortex comes into view.
The will-o-the-wisp is distracted by your dazzling golden aura.
The spatial vortex hits you but does no damage.
You can move again.
The will-o-the-wisp gives a chilling moan.
You impale the spatial vortex!!
The spatial vortex dissipates!
You block the starcursed mass's attack.
The spatial maelstrom hits you but does no damage. x2
You block the starcursed mass's attack.
A spatial vortex comes into view.
You feel better.
A deafening chorus of shrieks assaults your mind!
* * * LOW HITPOINT WARNING * * *
You shrug off the repeated paralysis!
The starcursed mass touches you but does no damage.
The spatial maelstrom is distracted by your dazzling golden aura.
The starcursed mass is distracted by your dazzling golden aura.
You block the starcursed mass's attack.
You feel protected.
A cacophony of accursed wailing tears at your sanity!
You die...
Your body crumbles into a pile of gold.

#. .# ##..
#... #..#
#... # ...
#v..####v#
. ..
#v♣X*X#
.... ..
#.##X####
... #
##X.#Xv#
...x ...
#.##XX#.#.#
.. #.
XXv#.###
.###
#...v#.#§
..... . #.
..##... .
.... .
##...#


vX..... . ###....#.... . .. . You could see 8 starcursed masses, a spatial
maelstrom, a wretched star and 4 spatial vortices.

Vanquished Creatures
  Rupert (D:14)
  An orc warlord (Orc:2)
  Josephine (D:15)
  A fire dragon (D:13)
  A great orb of eyes (D:15)
  4 hydras
  An ogre mage (D:13)
  2 catoblepae (D:13)
  3 boulder beetles
  7 centaur warriors
  8 two-headed ogres
  2 tengu warriors
  A thrashing horror (Abyss:3)
  5 death yaks (D:9)
  A storm dragon zombie (Abyss:3)
  6 orc high priests (Orc:2)
  A soul eater (Orc:1)
  A flayed ghost (Abyss:3)
  A torturous demonspawn (Orc:2)
  2 infernal demonspawn (Orc:2)
  A harpy (shapeshifter) (D:13)
  A lindwurm (shapeshifter) (D:14)
  5 orc knights
  A deep elf pyromancer (D:13)
  8 orc sorcerers (Orc:2)
  A wolf spider (D:13)
  9 ugly things
  4 manticores
  4 cyclopes
  Maurice (D:13)
  2 smoke demons
  An orange demon (Orc:2)
  3 gargoyles
  A yaktaur (shapeshifter) (D:15)
  2 kobold demonologists (D:13)
  2 yaktaurs (D:13)
  An unseen horror (D:13)
  An efreet (D:12)
  A tengu conjurer (D:13)
  2 starcursed masses (Abyss:3)
  2 ice devils (Orc:2)
  6 trolls
  An ancient zyme (Abyss:3)
  A jumping spider (D:15)
  3 meliai
  A queen bee (shapeshifter) (D:13)
  A raiju (shapeshifter) (D:13)
  2 raiju (Abyss:3)
  25 slime creatures
  2 redbacks
  Sigmund (D:4)
  2 shadows (D:12)
  A centaur simulacrum (D:14)
  7 wraiths
  3 yaks (D:8)
  3 large abominations (Abyss:3)
  A neqoxec (Orc:2)
  5 humans
  A basilisk (D:13)
  A spatial vortex (Abyss:3)
  4 vampire mosquitoes
  6 wargs
  Menkaure (D:4)
  A water moccasin (D:8)
  A small abomination (Abyss:3)
  2 acid dragons
  A sky beast (shapeshifter) (D:13)
  48 orc warriors
  2 necrophages
  8 ogres
  20 centaurs
  A phantom (D:5)
  4 kobold brigands
  4 bullfrogs
  A gnoll sergeant (D:8)
  A scorpion (D:6)
  14 killer bees
  4 wights (D:8)
  9 howler monkeys
  4 centaur zombies
  A gnoll shaman (D:8)
  3 hounds
  A jelly (Abyss:3)
  28 orc priests
  5 iguanas
  14 orc wizards
  3 hound skeletons
  A howler monkey zombie (D:7)
  11 gnolls
  A howler monkey skeleton (D:4)
  9 adders
  5 river rats (Sewer)
  An ufetubus (D:5)
  2 dart slugs
  90 orcs
  5 bats
  2 bat zombies (D:6)
  3 endoplasms
  5 giant cockroaches
  9 goblins
  6 hobgoblins
  8 jackals
  5 quokkas
  8 ball pythons
  4 frilled lizards
  23 kobolds
  24 rats
583 creatures vanquished.

Vanquished Creatures (others)
  An ogre mage (D:13)
  A howler monkey (D:13)
  14 foxfires (Abyss:3)
  2 starspawn tentacles (Abyss:3)
18 creatures vanquished.

Grand Total: 601 creatures vanquished

Notes
Turn   | Place    | Note
-------+----------+-------------------------------------------
     0 | D:1      | FockTheFreack the Troll Fighter began the quest for the
                  | Orb.
     0 | D:1      | Reached XP level 1. HP: 22/22 MP: 0/0
   263 | D:1      | Reached XP level 2. HP: 29/29 MP: 1/1
   783 | D:2      | Reached XP level 3. HP: 36/36 MP: 2/2
   952 | D:2      | Found Cuoken's Antique Weapon Boutique.
  1004 | D:2      | Found Aliblyach's Weapon Boutique.
  1074 | D:2      | Found a faded altar of an unknown god.
  1268 | D:2      | Found Kootz's Antique Weapon Shop.
  1929 | D:3      | Reached XP level 4. HP: 44/44 MP: 3/3
  2275 | D:3      | Found a shimmering blue altar of Sif Muna.
  2373 | D:3      | Reached skill level 3 in Unarmed Combat
  2580 | D:4      | Noticed Sigmund
  2580 | D:4      | Noticed Menkaure
  2764 | D:4      | Reached XP level 5. HP: 52/52 MP: 4/4
  2959 | D:4      | Killed Menkaure
  2960 | D:4      | Reached skill level 4 in Unarmed Combat
  2960 | D:4      | Reached XP level 6. HP: 61/61 MP: 5/5
  3043 | D:4      | Found a staircase to the Ecumenical Temple.
  3053 | D:4      | Killed Sigmund
  3131 | D:4      | Reached skill level 1 in Stealth
  3192 | D:4      | Found a hazy altar of Hepliaklqana.
  3242 | D:5      | Entered Level 5 of the Dungeon
  3307 | D:5      | Found a glowing drain.
  3322 | Sewer    | Entered a sewer
  3453 | Sewer    | Reached XP level 7. HP: 33/67 MP: 6/6
  3525 | Sewer    | Reached skill level 5 in Unarmed Combat
  3691 | Sewer    | Identified the +10 falchion "Bunuh" {venom, Will+ rCorr
                  | Int-2}
  4027 | D:5      | Reached skill level 6 in Unarmed Combat
  4055 | D:5      | Gained mutation: You occasionally shout uncontrollably at
                  | your foes. [potion of mutation]
  4055 | D:5      | Gained mutation: You sometimes lose the ability to read
                  | scrolls when taking damage. [potion of mutation]
  4055 | D:5      | Gained mutation: Your spells are a little easier to cast,
                  | but a little less powerful. [potion of mutation]
  4058 | D:5      | HP: 3/67 [poisoned by a killer bee]
  4063 | D:5      | HP: 2/67 [poisoned by a killer bee]
  4070 | D:5      | Reached XP level 8. HP: 8/75 MP: 1/7
  4229 | D:5      | Reached skill level 1 in Long Blades
  5160 | D:6      | Reached skill level 7 in Unarmed Combat
  5405 | D:6      | Reached XP level 9. HP: 84/84 MP: 8/8
  5409 | D:6      | Found a sparkling altar of Nemelex Xobeh.
  5458 | D:6      | Found an ancient bone altar of Kikubaaqudgha.
  5660 | D:6      | Reached skill level 5 in Shields
  5839 | D:6      | Found the +3 crown of Dyrovepreva {rElec Int+2 SInv}
  6178 | D:7      | Reached skill level 8 in Unarmed Combat
  7047 | D:8      | Reached skill level 9 in Unarmed Combat
  7058 | D:8      | Reached skill level 5 in Dodging
  7953 | D:9      | Reached XP level 10. HP: 91/92 MP: 9/9
  8142 | D:9      | Noticed a death yak
  8161 | D:9      | Noticed a death yak
  8164 | D:9      | Killed a death yak
  8164 | D:9      | Noticed a death yak
  8168 | D:9      | Noticed a death yak
  8169 | D:9      | Noticed a death yak
  8178 | D:9      | Killed a death yak
  8178 | D:9      | Noticed a death yak
  8179 | D:9      | Reached skill level 10 in Unarmed Combat
  8229 | D:9      | Killed a death yak
  8240 | D:9      | Killed a death yak
  8241 | D:9      | Reached skill level 5 in Long Blades
  8247 | D:9      | Killed a death yak
  8272 | D:9      | Found a staircase to the Orcish Mines.
  8361 | D:9      | Noticed a two-headed ogre
  8377 | D:9      | Killed a two-headed ogre
  8378 | D:9      | Reached skill level 11 in Unarmed Combat
  8378 | D:9      | Reached XP level 11. HP: 93/101 MP: 10/10
  8592 | Temple   | Entered the Ecumenical Temple
  8689 | Temple   | Became a worshipper of Gozag Ym Sagoz the Greedy
  8916 | D:10     | Entered Level 10 of the Dungeon
  9014 | D:10     | Found a glowing golden altar of the Shining One.
  9016 | D:10     | Found a burning altar of Makhleb.
  9018 | D:10     | Found a sacrificial altar of Ru.
  9065 | D:10     | Noticed a purple ugly thing
  9066 | D:10     | Found an iron altar of Okawaru.
  9075 | D:10     | Killed a purple ugly thing
  9099 | D:10     | Noticed a two-headed ogre
  9107 | D:10     | Killed a two-headed ogre
  9739 | D:11     | Noticed a tengu warrior
  9761 | D:10     | Killed a tengu warrior
  9948 | D:11     | Noticed a two-headed ogre
  9966 | D:11     | Killed a two-headed ogre
  9992 | D:11     | Reached skill level 1 in Armour
  9992 | D:11     | Reached skill level 12 in Unarmed Combat
 10293 | D:11     | Found a portal to a secret trove of treasure.
 10825 | D:12     | Found a bloodstained altar of Trog.
 10825 | D:12     | Noticed BoldKobold's ghost (journeyman GrFi)
 10825 | D:12     | Noticed a two-headed ogre
 10826 | D:12     | Noticed a tengu warrior
 10826 | D:12     | Noticed a two-headed ogre
 10827 | D:12     | Noticed an orc knight
 10841 | D:12     | Noticed a two-headed ogre
 10847 | D:12     | Killed a two-headed ogre
 10848 | D:12     | Reached XP level 12. HP: 98/109 MP: 11/11
 11019 | D:12     | Noticed a five-headed hydra
 11136 | Orc:1    | Entered Level 1 of the Orcish Mines
 11574 | Orc:2    | Entered Level 2 of the Orcish Mines
 11682 | Orc:2    | Reached skill level 5 in Fighting
 12026 | Orc:2    | Noticed an orc high priest
 12091 | Orc:2    | Killed an orc high priest
 12271 | Orc:2    | Reached skill level 13 in Unarmed Combat
 12323 | Orc:2    | Found Juuschierph's General Store.
 12366 | Orc:2    | Found Teor Ozi's Distillery.
 12448 | Orc:2    | Noticed an orc high priest
 12470 | Orc:2    | Reached skill level 1 in Maces & Flails
 12490 | Orc:2    | Paralysed by an orc sorcerer for 4 turns
 12545 | Orc:2    | Noticed an orc high priest
 12546 | Orc:2    | HP: 1/110 [orc high priest/divine providence (13)]
 12551 | Orc:2    | Noticed an orc high priest
 12612 | Orc:2    | Killed an orc high priest
 12676 | Orc:2    | Noticed an orc warlord
 12691 | Orc:2    | Killed an orc warlord
 12692 | Orc:2    | Reached XP level 13. HP: 103/120 MP: 12/12
 12736 | Orc:2    | Found a staircase to the Elven Halls.
 12788 | Orc:2    | Paralysed by an orc sorcerer for 2 turns
 13028 | Orc:2    | Bought a potion of ambrosia for 80 gold pieces
 13030 | Orc:2    | Bought a potion of magic for 120 gold pieces
 13030 | Orc:2    | Bought a potion of attraction for 45 gold pieces
 13075 | Orc:2    | Paralysed by an orc sorcerer for 5 turns
 13181 | Orc:2    | Reached skill level 1 in Evocations
 13181 | Orc:2    | Found Syolil's Antique Weapon Shop.
 13181 | Orc:2    | Found Otwext's Jewellery Boutique.
 13188 | Orc:2    | Paralysed by an orc sorcerer for 5 turns
 13212 | Orc:2    | Found a one-way gate leading to the halls of Pandemonium.
 13444 | Orc:1    | Found Ynoox's Distillery.
 13453 | Orc:1    | Bought a potion of haste for 140 gold pieces
 13453 | Orc:1    | Bought a potion of haste for 140 gold pieces
 13453 | Orc:1    | Bought a potion of might for 56 gold pieces
 13765 | D:2      | Bought a slimy morningstar for 225 gold pieces
 13765 | D:2      | Identified the +11 morningstar "Woycw" {vorpal, Int+2 SInv}
                  | (You bought it in a shop on level 2 of the Dungeon)
 14240 | D:12     | Found a transporter.
 14240 | D:12     | Noticed a stone giant
 14249 | D:12     | Found a transporter.
 14333 | D:12     | Identified the +7 trident of Liof {distort, rF+}
 14812 | D:13     | Reached skill level 5 in Maces & Flails
 15230 | D:13     | Paralysed by an ogre mage for 7 turns
 15239 | D:13     | Reached XP level 14. HP: 117/131 MP: 13/13
 15270 | D:13     | Identified the amulet of Tuippaf {Reflect rPois SH+5}
 15332 | D:13     | Identified the ring of the Marlin {Wiz rC+}
 15485 | D:13     | Found a gate to the Vaults.
 15498 | D:13     | Noticed Maurice
 15504 | D:13     | Killed Maurice
 15722 | D:13     | Identified the ring of Day {rPois Will- Int+3 Dex+6 SInv}
 15786 | D:13     | Identified the ring of the Doge {Fire *Corrode Str+2 Int+5}
 16012 | D:14     | Found a runed translucent gate.
 16012 | D:14     | Found a runed translucent gate.
 16014 | D:14     | Found a runed translucent gate.
 16015 | D:14     | Found an ancient bone altar of Kikubaaqudgha.
 16015 | D:14     | Noticed a lich
 16016 | D:14     | Noticed FockTheFreack's ghost (journeyman TrFi)
 16016 | D:14     | Noticed a lich
 16016 | D:14     | Noticed a lich
 16168 | D:14     | Noticed a lich
 16286 | D:13     | Reached skill level 1 in Crossbows
 16565 | D:14     | Found a hazy altar of Hepliaklqana.
 16639 | D:14     | You fall into a shaft and drop 1 floor!
 16639 | D:15     | Entered Level 15 of the Dungeon
 16643 | D:15     | Noticed Rupert
 16649 | D:15     | Noticed Louise
 16655 | D:15     | Noticed Josephine
 16739 | D:14     | Reached skill level 10 in Maces & Flails
 16850 | D:14     | Reached XP level 15. HP: 140/140 MP: 14/14
 17185 | D:15     | Reached skill level 5 in Armour
 17330 | D:15     | Killed Josephine
 17396 | D:14     | Killed Rupert
 17619 | D:15     | Found a glowing golden altar of the Shining One.
 17738 | D:15     | Cast into level 3 of the Abyss (Louise)
 17797 | Abyss:3  | Noticed a tentacled starspawn
 17806 | Abyss:3  | Noticed a tentacled starspawn
 17813 | Abyss:3  | Reached XP level 16. HP: 108/150 MP: 15/15
 17946 | Abyss:3  | HP: 2/180 [starcursed mass/accursed screaming (13)]
 17946 | Abyss:3  | Paralysed by accursed screaming for 1 turns
 17950 | Abyss:3  | Killed from afar by a starcursed mass

Illustrated notes

Levels and vault maps discovered:
D:1:      dpeg_arrival_stone_temple_mockup, layout_loops_ring
D:2:      layout_basic, shapermc_ecumenical_altar_ellora, serial_shops, shop,
          shop, shop, minmay_tetromino_o2
D:3:      layout_basic, led_sif_pool, minmay_cupped
D:4:      layout_loops_ring, nicolae_overflow_hidden_temple,
          minmay_temple_entry_grid, uniq_menkaure, uniq_sigmund
D:5:      layout_basic, cheibrodos_sewer_entry_sluice
D:6:      layout_basic, lemuel_zombie_altar_kikubaaqudgha,
          nemelex_dance_club_becter, minmay_misc_feat_tower, minmay_ruffians
D:7:      layout_loops_ring, minmay_misc_feat_more_columns,
          grunt_decor_mini_mirrors
D:8:      layout_basic
D:9:      layout_gridville, dpeg_lair_monsters, orc_0_dummy
D:10:     layout_roguey, grunt_temple_overflow_open, okawaru_trees_2
D:11:     layout_basic, nicolae_trove_entry_isolated, enter_bailey_7,
          special_room [special_room_orc]
D:12:     layout_loops_ring, gammafunk_ghost_wrathful_warriors
D:13:     minmay_the_grid_triangle_9x9_line_8_mashed
          [minmay_the_grid_triangle_9x9_minimal,
          minmay_the_grid_triangle_9x9_flanged_cone,
          minmay_the_grid_triangle_9x9_impossible_snake,
          minmay_the_grid_triangle_9x9_sparse_checkered,
          minmay_the_grid_triangle_9x9_semitri,
          minmay_the_grid_triangle_9x9_from_above,
          minmay_the_grid_triangle_9x9_checkered,
          minmay_the_grid_triangle_9x9_prize_special], layout_loops_ring,
          david_vaults_2, uniq_maurice
D:14:     layout_gridville, gammafunk_ghost_crypt,
          minmay_staircase_windowed_small, nicolae_hepliaklqana_hippocampus
D:15:     hangedman_depths_entry_try_elsewhere_first, layout_gridville,
          nicolae_tso_swordbearing_angel, uniq_rupert, uniq_josephine,
          uniq_louise
Temple:   dpeg_chambers_temple
Orc:1:    layout_diamond_mine, serial_shops, shop
Orc:2:    pf_orc_diabolical, layout_caves, portal_ice_cave_entry_pillars_2
Abyss:3:  base: D:7, base: Volcano, nicolae_abyss_rune_star_stuff,
          gammafunk_abyss_rune_reverse_zot

Skill      XL: |  1  2  3  4  5  6  7  8  9 10 11 12 13 14 15 |
---------------+----------------------------------------------+-----
Unarmed Combat | 3 4 6 7 9 11 12 13 | 13.7
Dodging        | 3 4 5 6 7 |  7.4
Shields        | 3 4 5 6 7 9 |  9.7
Fighting       | 3 4 5 6 7 |  7.7
Stealth        | 1 2 |  2.6
Long Blades    | 2 4 5 6 |  6.8
Armour         | 1 2 4 5 |  5.3
Maces & Flails | 1 7 11 12 | 12.5
Evocations     | 1 |  1.8
Crossbows      | 1 |  1.1

Action                   |  1- 3 |  4- 6 |  7- 9 | 10-12 | 13-15 | 16-18 || total
-------------------------+-------+-------+-------+-------+-------+-------++-------
Melee: Unarmed           |   119 |   112 |   370 |   782 |   169 |       ||  1552
       Morningstar       |       |       |       |       |   537 |    39 ||   576
 Fire: Hand crossbow     |       |       |       |       |    21 |       ||    21
Evoke: Wand              |       |     3 |       |     8 |    28 |     1 ||    40
  Use: Potion            |       |       |     5 |     7 |     1 |     5 ||    18
       Scroll            |       |       |    13 |     3 |    15 |       ||    31
 Stab: Sleeping          |       |     2 |     4 |       |       |       ||     6
       Invisible         |       |       |     2 |       |       |       ||     2
       Distracted        |       |       |       |     4 |     1 |     1 ||     6
Armor: Robe              |    51 |    38 |    88 |    14 |       |       ||   191
       Fire dragon scale |       |       |       |   207 |   315 |    12 ||   534
       Skin              |       |       |       |       |       |    19 ||    19
Dodge: Dodged            |    52 |    36 |   138 |   156 |   230 |     8 ||   620
Block: Kite shield       |    48 |    49 |   193 |   548 |   790 |    43 ||  1671
       Reflection        |       |       |       |       |    18 |     4 ||    22
